Map: Lerilak Crest

Players

Sirah

  • Race: Protoss Protoss
  • League: Silver

Javert - Winner!

  • Race: Zerg Zerg
  • League: Silver

VOD

Have the link to the VOD?

Description

Time

  • Played on: July 20, 2015, 3:45 p.m.
  • Length: 4:38
Show
View Real Time Build Order
Export as new Build Order

Sirah Protoss 

Build Orders:  

Get SALT Encoding   

  12  0:14  Pylon  
  12  0:18  Probe  
  13  0:30  Probe (Chrono Boost)  
  14  0:38  Gateway  
  14  0:41  Probe (Chrono Boost)  
  15  0:48  Probe, Assimilator  
  16  1:00  Probe (Chrono Boost)  
  18  1:12  Probe (Chrono Boost)  
  18  1:19  Probe (Chrono Boost)  
  18  1:20  Pylon  
  19  1:29  Probe  
  19  1:30  Cybernetics Core  
  20  1:41  Probe (Chrono Boost)  
  21  1:49  Zealot  
  21  1:53  Probe (Chrono Boost)  
  24  2:00  Probe (Chrono Boost)  
  25  2:02  Pylon  
  25  2:03  Assimilator  
  25  2:10  Probe (Chrono Boost)  
  25  2:14  Warp Gate  
  26  2:16  Sentry  
  28  2:38  Pylon  
  28  2:51  Stalker (Chrono Boost)  
  30  3:00  Gateway  
  30  3:10  Stargate  
  30  3:12  Probe  
  31  3:16  Stalker  
  33  3:21  Nexus  
  33  3:29  Pylon  
  33  3:37  Probe (Chrono Boost)  
  34  3:46  Adept  
  34  3:47  Mothership Core (Chrono Boost)  
Show
View Real Time Build Order
Export as new Build Order

Javert Zerg - Winner!

Build Orders: Hatch First 

Get SALT Encoding   

  12  0:01  Drone  
  13  0:13  Overlord  
  14  0:21  Drone  
  14  0:31  Drone x2  
  14  0:35  Drone  
  17  0:56  Hatchery  
  17  0:57  Drone  
  17  0:58  Extractor  
  17  1:01  Drone  
  17  1:09  Drone  
  18  1:18  Spawning Pool  
  17  1:24  Drone  
  18  1:30  Drone  
  19  1:40  Drone  
  20  1:58  Drone  
  21  2:02  Overlord  
  21  2:07  Queen  
  21  2:08  Queen  
  23  2:11  Drone  
  23  2:12  Drone  
  27  2:16  Metabolic Boost  
  27  2:21  Drone  
  28  2:25  Drone  
  29  2:35  Drone x2  
  31  2:58  Zergling x8  
  35  3:03  Zergling x2  
  36  3:09  Overlord  
  36  3:20  Baneling Nest, Zergling x2  
  36  3:24  Overlord  
  36  3:27  Zergling x2  
  36  3:28  Zergling x14  
  44  3:37  Overlord  
  44  3:50  Queen  
  44  3:51  Overlord  
  46  3:56  Drone x3  
  48  4:05  Hatchery  
  48  4:06  Drone  
  48  4:07  Drone x7  
  53  4:12  Baneling x6  
  53  4:22  Drone  
  53  4:23  Drone x3  
Tags
 
Add a new tag
Caveats
  • Supply blocks, unpowered buildings, or Contaminate may cause inaccurate times.
  • Supply counts are checked every 10 seconds.